WCHLSIM.com - West Coast Hockey League
html PUBLIC "-//W3C//DTD XHTML 1.0 Transitional//EN" "http://www.w3.org/TR/xhtml1/DTD/xhtml1-transitional.dtd"> WCHL - Game 42 - BOISE CARIBOUS vs SEATTLE GRUNGE

BOISE CARIBOUS vs SEATTLE GRUNGE

Created - 18 octobre 2022 at 21:32

Goals
1 2 3 T
BOISE CARIBOUS 2 1 0 3
SEATTLE GRUNGE 0 0 1 1
Shots
1 2 3 T
BOISE CARIBOUS 10 20 10 40
SEATTLE GRUNGE 4 3 7 14

1st period

1. BOISE CARIBOUS , Danton Heinen 1 (Lawson Crouse 1, Moritz Seider 3) at 4:29
2. BOISE CARIBOUS , Jean-Gabriel Pageau 1 (Danton Heinen 1) at 8:04

Penalties :
Garnet Hathaway (SEA) for Cross-checking (Minor) at 19:53

2nd period

3. BOISE CARIBOUS , Rasmus Dahlin 1 (Charlie Coyle 1, Artturi Lehkonen 2) at 14:10

Penalties :
No Penalty

3rd period

4. SEATTLE GRUNGE , Kyle Palmieri 1 (Roman Josi 1, Tyler Seguin 1) at 11:04

Penalties :
Garnet Hathaway (SEA) for Tripping (Minor) at 4:07, Tomas Tatar (SEA) for Roughing (Minor) at 13:18

Goalie Stats

Ilya Sorokin (BOI), 13 saves from 14 shots - (0,929), W, 1-2-1, 60:00 minutes
Semyon Varlamov (SEA), 37 saves from 40 shots - (0,925), L, 1-1-0, 60:00 minutes

Players Stats for BOISE CARIBOUS

Player Name              G  A  P  +/- PIM S  H  SB GA TA FO     MP     PP MP  PK MP  
------------------------------------------------------------------------------------
Andre Burakovsky         0  0  0   0  0   7  3  0  0  0  1/3    22:43   3:35   0:00 
Artturi Lehkonen         0  1  1   1  0   3  1  0  0  0  0/1    17:06   0:00   0:00 
Charlie Coyle            0  1  1   1  0   3  1  0  0  0  20/29  20:41   3:35   0:00 
Danton Heinen            1  1  2   1  0   1  0  1  0  0  0/1    12:12   0:00   0:00 
Dmitry Kulikov           0  0  0   2  0   0  0  0  0  0  0/0    18:30   0:00   0:00 
Dylan DeMelo             0  0  0   0  0   1  4  0  0  0  0/0    16:46   0:00   0:00 
Jean-Gabriel Pageau      1  0  1   1  0   3  0  0  0  0  11/16  12:12   0:00   0:00 
Jesperi Kotkaniemi       0  0  0   0  0   0  0  0  0  0  5/5     5:37   0:00   0:00 
Lawson Crouse            0  1  1   1  0   6  2  0  0  0  0/1    14:34   2:22   0:00 
Michael Raffl            0  0  0   0  0   1  0  0  0  0  1/1     5:37   0:00   0:00 
Moritz Seider            0  1  1   1  0   1  0  0  0  0  0/0    25:50   3:16   0:00 
Nick Schmaltz            0  0  0   1  0   4  0  1  0  0  0/0    20:41   3:35   0:00 
Oliver Kylington         0  0  0   0  0   1  0  2  0  0  0/0    22:47   2:41   0:00 
Rasmus Andersson         0  0  0   0  0   0  1  0  0  0  0/0     9:31   0:00   0:00 
Rasmus Dahlin            1  0  1   1  0   1  2  1  0  0  0/0    23:55   3:16   0:00 
Stefan Noesen            0  0  0   0  0   2  0  0  0  0  0/0     8:18   2:41   0:00 
Tim Stutzle              0  0  0   0  0   2  1  0  0  0  12/27  21:30   2:22   0:00 
Zach Parise              0  0  0   0  0   4  0  1  0  0  0/0    21:30   2:22   0:00 

Players Stats for SEATTLE GRUNGE

Player Name              G  A  P  +/- PIM S  H  SB GA TA FO     MP     PP MP  PK MP  
------------------------------------------------------------------------------------
Carl Hagelin             0  0  0  -1  0   1  0  1  0  0  0/0    13:08   0:00   0:00 
Danny DeKeyser           0  0  0  -3  0   0  0  0  0  0  0/0    14:12   0:00   0:00 
David Savard             0  0  0   0  0   0  2  3  0  0  0/0    19:49   0:00   2:15 
Garnet Hathaway          0  0  0  -2  4   3  2  0  0  0  1/4    16:16   0:00   0:00 
Jakub Vrana              0  0  0  -2  0   0  0  0  0  0  0/0    18:35   0:00   2:17 
Kyle Palmieri            1  0  1   1  0   1  1  0  0  0  1/6    22:21   0:00   3:40 
Milan Lucic              0  0  0   0  0   1  0  0  0  0  0/1     6:37   0:00   0:41 
Morgan Geekie            0  0  0  -1  0   2  2  0  0  0  0/0    13:08   0:00   0:00 
Nicolas Meloche          0  0  0  -3  0   0  3  3  0  0  0/0    14:12   0:00   0:00 
Nikita Zaitsev           0  0  0   0  0   0  0  3  0  0  0/0    19:49   0:00   2:15 
Rem Pitlick              0  0  0  -2  0   0  0  0  0  0  4/14   16:18   0:00   0:00 
Riley Sheahan            0  0  0  -1  0   4  0  0  0  0  6/21   13:08   0:00   0:00 
Roman Josi               0  1  1   1  0   2  0  2  0  0  0/0    25:59   0:00   3:42 
T.J. Tynan               0  0  0   0  0   0  0  0  0  0  0/0     5:56   0:00   0:00 
Tomas Tatar              0  0  0   1  2   0  0  0  0  0  0/0    20:16   0:00   1:36 
Travis Sanheim           0  0  0   1  0   0  2  1  0  0  0/0    25:59   0:00   3:42 
Tyler Seguin             0  1  1   1  0   0  1  0  0  0  19/27  22:21   0:00   3:40 
Warren Foegele           0  0  0   0  0   0  0  0  0  0  3/11    5:56   0:00   0:00 

3 Stars

1 - Danton Heinen (BOI)
2 - Rasmus Dahlin (BOI)
3 - Jean-Gabriel Pageau (BOI)

Power Play

BOISE CARIBOUS - 0 on 3 Attempt(s) - 0,00%
SEATTLE GRUNGE - 0 on 0 Attempt(s) - 0,00%

Penalty Kill

BOISE CARIBOUS - 0 on 0 Attempt(s) - 0,00% - Score 0 goal in Penalty Kill
SEATTLE GRUNGE - 3 on 3 Attempt(s) - 100,00% - Score 0 goal in Penalty Kill

Team Stat

BOISE CARIBOUS - Hits : 15 - Faceoff Wins : 50 - Blocked Shots : 6 - Penalty Minutes : 0
SEATTLE GRUNGE - Hits : 13 - Faceoff Wins : 34 - Blocked Shots : 13 - Penalty Minutes : 6

Official

Referees : Sean MacFarlane and Jon McIsaac
Linesman : Travis Gawryletz and Darren Gibbs

Game Notes

Rasmus Andersson is injured at 7:50 of 2nd period (Back Surgery)

Finance

Level 1 -- Attendance: 6000 (100,00%) -- Ticket Income 900 000 $
Level 2 -- Attendance: 5000 (100,00%) -- Ticket Income 500 000 $
Level 3 -- Attendance: 2397 (79,90%) -- Ticket Income 155 805 $
Level 4 -- Attendance: 4850 (97,00%) -- Ticket Income 266 750 $
Luxury Box -- Attendance: 909 (90,90%) -- Ticket Income 272 700 $
Total Attendance: 19156 (95,78%)
Total Ticket Income: 2 095 255 $
Other Expense: 20 953 $
Total Income: 2 074 302 $

BOISE CARIBOUS

5 vs 5 Forward 
   Center                   Left Wing                Right Wing               Time % Phy DF OF 
 1 Tim Stutzle              Zach Parise              Andre Burakovsky         36     0   2  3  
 2 Charlie Coyle            Artturi Lehkonen         Nick Schmaltz            31     1   2  2  
 3 Jean-Gabriel Pageau      Lawson Crouse            Danton Heinen            23     1   2  2  
 4 Jesperi Kotkaniemi       Michael Raffl            Stefan Noesen            10     1   3  1  

5 vs 5 Defense 
   Defense                  Defense                                           Time % Phy DF OF 
 1 Rasmus Dahlin            Rasmus Andersson                                  37     0   3  2  
 2 Dmitry Kulikov           Moritz Seider                                     36     1   2  2  
 3 Oliver Kylington         Dylan DeMelo                                      27     0   4  1  
 4 Rasmus Andersson         Moritz Seider                                     0      1   2  2  

PowerPlay Forward 
   Center                   Left Wing                Right Wing               Time % Phy DF OF 
 1 Charlie Coyle            Andre Burakovsky         Nick Schmaltz            55     0   1  4  
 2 Tim Stutzle              Lawson Crouse            Zach Parise              45     1   1  3  

PowerPlay Defense
   Defense                  Defense                                           Time % Phy DF OF 
 1 Moritz Seider            Rasmus Dahlin                                     55     0   2  3  
 2 Oliver Kylington         Stefan Noesen                                     45     0   2  3  

Penalty Kill 4 Players Forward 
   Center                   Wing                     Time % Phy DF OF 
 1 Jesperi Kotkaniemi       Danton Heinen            55     1   3  1  
 2 Jean-Gabriel Pageau      Artturi Lehkonen         45     1   4  0  

Penalty Kill 4 Players Defense
   Defense                  Defense                  Time % Phy DF OF 
 1 Rasmus Andersson         Dylan DeMelo             55     1   2  2  
 2 Oliver Kylington         Dmitry Kulikov           45     1   2  2  

Penalty Kill - 3 Players Forward 
   Forward                                           Time % Phy DF OF 
 1 Jean-Gabriel Pageau                               55     1   3  1  
 2 Jesperi Kotkaniemi                                45     1   3  1  

Penalty Kill - 3 Players Defense
   Defense                  Defense                  Time % Phy DF OF 
 1 Rasmus Andersson         Moritz Seider            55     1   2  2  
 2 Rasmus Dahlin            Dylan DeMelo             45     1   2  2  

4 vs 4 Forward 
   Center                   Wing                     Time % Phy DF OF 
 1 Jean-Gabriel Pageau      Andre Burakovsky         55     1   2  2  
 2 Jesperi Kotkaniemi       Nick Schmaltz            45     1   2  2  

4 vs 4 Defense
   Defense                  Defense                  Time % Phy DF OF 
 1 Oliver Kylington         Rasmus Andersson         55     1   2  2  
 2 Rasmus Dahlin            Moritz Seider            45     1   2  2  

Last Minutes Offensive
   Center                   Left Wing                Right Wing               Defense                  Defense                  
   Charlie Coyle            Andre Burakovsky         Nick Schmaltz            Rasmus Dahlin            Moritz Seider            

Last Minutes Defensive
   Center                   Left Wing                Right Wing               Defense                  Defense                  
   Jean-Gabriel Pageau      Jesperi Kotkaniemi       Andre Burakovsky         Rasmus Andersson         Moritz Seider            

Goaltenders
Starting : Ilya Sorokin             
Backup : Antti Raanta             

Extra Forwards
Normal : Andre Burakovsky, Jean-Gabriel Pageau, Tim Stutzle - PP : Lawson Crouse, Jean-Gabriel Pageau - PK : Charlie Coyle
Extra Defensemen
Normal : Oliver Kylington, Dylan DeMelo, Moritz Seider - PP : Oliver Kylington - PK : Dmitry Kulikov, Rasmus Dahlin
Penalty Shots
Jesperi Kotkaniemi, Andre Burakovsky, Nick Schmaltz, Tim Stutzle, Charlie Coyle
Custom OT Lines Forwards
Charlie Coyle, Andre Burakovsky, Nick Schmaltz, Michael Raffl, Jean-Gabriel Pageau, Zach Parise, Tim Stutzle, Artturi Lehkonen, Lawson Crouse, Jesperi Kotkaniemi
Custom OT Lines Defensemen
Rasmus Andersson, Moritz Seider, Rasmus Dahlin, Dmitry Kulikov, Oliver Kylington

Scratches
Matt Duchene (Torn Left Knee Ligaments Injury)

SEATTLE GRUNGE

5 vs 5 Forward 
   Center                   Left Wing                Right Wing               Time % Phy DF OF 
 1 Tyler Seguin             Tomas Tatar              Kyle Palmieri            36     1   2  2  
 2 Rem Pitlick              Jakub Vrana              Garnet Hathaway          31     1   2  2  
 3 Riley Sheahan            Carl Hagelin             Morgan Geekie            23     1   2  2  
 4 Warren Foegele           Milan Lucic              T.J. Tynan               10     1   2  2  

5 vs 5 Defense 
   Defense                  Defense                                           Time % Phy DF OF 
 1 Roman Josi               Travis Sanheim                                    36     1   2  2  
 2 David Savard             Nikita Zaitsev                                    31     1   2  2  
 3 Danny DeKeyser           Nicolas Meloche                                   23     1   2  2  
 4 Roman Josi               Travis Sanheim                                    10     1   2  2  

PowerPlay Forward 
   Center                   Left Wing                Right Wing               Time % Phy DF OF 
 1 Tyler Seguin             Tomas Tatar              Kyle Palmieri            55     1   2  2  
 2 Rem Pitlick              Jakub Vrana              Garnet Hathaway          45     1   2  2  

PowerPlay Defense
   Defense                  Defense                                           Time % Phy DF OF 
 1 Roman Josi               Travis Sanheim                                    55     1   2  2  
 2 David Savard             Nikita Zaitsev                                    45     1   2  2  

Penalty Kill 4 Players Forward 
   Center                   Wing                     Time % Phy DF OF 
 1 Tyler Seguin             Kyle Palmieri            55     1   2  2  
 2 Tomas Tatar              Jakub Vrana              45     1   2  2  

Penalty Kill 4 Players Defense
   Defense                  Defense                  Time % Phy DF OF 
 1 Roman Josi               Travis Sanheim           55     1   2  2  
 2 David Savard             Nikita Zaitsev           45     1   2  2  

Penalty Kill - 3 Players Forward 
   Forward                                           Time % Phy DF OF 
 1 Tyler Seguin                                      55     1   2  2  
 2 Kyle Palmieri                                     45     1   2  2  

Penalty Kill - 3 Players Defense
   Defense                  Defense                  Time % Phy DF OF 
 1 Roman Josi               Travis Sanheim           55     1   2  2  
 2 David Savard             Nikita Zaitsev           45     1   2  2  

4 vs 4 Forward 
   Center                   Wing                     Time % Phy DF OF 
 1 Tyler Seguin             Kyle Palmieri            55     1   2  2  
 2 Tomas Tatar              Jakub Vrana              45     1   2  2  

4 vs 4 Defense
   Defense                  Defense                  Time % Phy DF OF 
 1 Roman Josi               Travis Sanheim           55     1   2  2  
 2 David Savard             Nikita Zaitsev           45     1   2  2  

Last Minutes Offensive
   Center                   Left Wing                Right Wing               Defense                  Defense                  
   Tyler Seguin             Tomas Tatar              Kyle Palmieri            Roman Josi               Travis Sanheim           

Last Minutes Defensive
   Center                   Left Wing                Right Wing               Defense                  Defense                  
   Tyler Seguin             Tomas Tatar              Kyle Palmieri            Roman Josi               Travis Sanheim           

Goaltenders
Starting : Semyon Varlamov          
Backup : Devan Dubnyk             

Extra Forwards
Normal : T.J. Tynan, Carl Hagelin, Milan Lucic - PP : T.J. Tynan, Carl Hagelin - PK : Milan Lucic
Extra Defensemen
Normal : Danny DeKeyser, Nicolas Meloche, David Savard - PP : Danny DeKeyser - PK : Nicolas Meloche, David Savard
Penalty Shots
Tyler Seguin, Kyle Palmieri, Tomas Tatar, Jakub Vrana, Garnet Hathaway
Custom OT Lines Forwards
Tyler Seguin, Kyle Palmieri, Tomas Tatar, Jakub Vrana, Garnet Hathaway, Carl Hagelin, Milan Lucic, Rem Pitlick, Riley Sheahan, Warren Foegele
Custom OT Lines Defensemen
Roman Josi, Travis Sanheim, David Savard, Nikita Zaitsev, Danny DeKeyser

Scratches
Wayne Simmonds (Healthy)

% Time on Ice - BOISE CARIBOUS

Lines # - Real PCT - Wanted PCT - Time Play
Normal Forward
1 - 35% - 36% - 19:08
2 - 32% - 31% - 17:06
3 - 23% - 23% - 12:12
4 - 10% - 10% - 5:37
Normal Defense
1 - 38% - 37% - 20:39
2 - 31% - 36% - 16:57
3 - 23% - 27% - 12:26
4 - 7% - 0% - 4:01
PP Forward
1 - 60% - 55% - 3:35
2 - 40% - 45% - 2:22
PP Defense
1 - 55% - 55% - 3:16
2 - 45% - 45% - 2:41
PK Forward
1 - 0% - 55%
2 - 0% - 45%
PK Defense
1 - 0% - 55%
2 - 0% - 45%
PK3 Forward
1 - 0% - 55%
2 - 0% - 45%
PK3 Defense
1 - 0% - 55%
2 - 0% - 45%
44 Forward
1 - 0% - 55%
2 - 0% - 45%
44 Defense
1 - 0% - 55%
2 - 0% - 45%
Last Minute Offensive  - 0:00
Last Minute Defensive  - 0:00
Total
Forward - 60:00
Defense - 60:00

% Time on Ice - SEATTLE GRUNGE

Lines # - Real PCT - Wanted PCT - Time Play
Normal Forward
1 - 35% - 36% - 18:41
2 - 30% - 31% - 16:18
3 - 24% - 23% - 13:08
4 - 11% - 10% - 5:56
Normal Defense
1 - 35% - 36% - 18:39
2 - 33% - 31% - 17:34
3 - 26% - 23% - 14:12
4 - 7% - 10% - 3:38
PP Forward
1 - 0% - 55%
2 - 0% - 45%
PP Defense
1 - 0% - 55%
2 - 0% - 45%
PK Forward
1 - 62% - 55% - 3:40
2 - 38% - 45% - 2:17
PK Defense
1 - 62% - 55% - 3:42
2 - 38% - 45% - 2:15
PK3 Forward
1 - 0% - 55%
2 - 0% - 45%
PK3 Defense
1 - 0% - 55%
2 - 0% - 45%
44 Forward
1 - 0% - 55%
2 - 0% - 45%
44 Defense
1 - 0% - 55%
2 - 0% - 45%
Last Minute Offensive  - 0:00
Last Minute Defensive  - 0:00
Total
Forward - 60:00
Defense - 60:00

Play-by-Play

1st period


0:01 of 1st period - Tyler Seguin wins face-off versus Tim Stutzle in neutral zone.
2:14 of 1st period - Shot by Riley Sheahan.
2:14 of 1st period - Stopped by Ilya Sorokin without a rebound.
2:15 of 1st period - Warren Foegele wins face-off versus Jean-Gabriel Pageau in BOISE CARIBOUS zone.
2:53 of 1st period - Shot by Danton Heinen.
2:53 of 1st period - Shot Misses the Net.
2:55 of 1st period - Shot by Lawson Crouse.
2:55 of 1st period - Shot Misses the Net.
2:57 of 1st period - Shot by Lawson Crouse.
2:57 of 1st period - Stopped by Semyon Varlamov with a rebound.
3:40 of 1st period - Icing by Tomas Tatar.
3:41 of 1st period - Michael Raffl wins face-off versus Kyle Palmieri in SEATTLE GRUNGE zone.
3:59 of 1st period - Shot by Michael Raffl.
3:59 of 1st period - Stopped by Semyon Varlamov without a rebound.
4:00 of 1st period - Jean-Gabriel Pageau wins face-off versus Rem Pitlick in SEATTLE GRUNGE zone.
4:27 of 1st period - Shot by Lawson Crouse.
4:27 of 1st period - Stopped by Semyon Varlamov with a rebound.
4:29 of 1st period - Shot by Danton Heinen.
4:29 of 1st period - Goal by Danton Heinen - BOISE CARIBOUS : 1 - SEATTLE GRUNGE : 0.
4:30 of 1st period - Charlie Coyle wins face-off versus Riley Sheahan in neutral zone.
4:36 of 1st period - Roman Josi is hit by Rasmus Andersson and loses puck.
5:29 of 1st period - David Savard is hit by Charlie Coyle and loses puck.
5:50 of 1st period - Shot by Tomas Tatar.
5:50 of 1st period - Deflect By Kyle Palmieri.
5:50 of 1st period - Shot Blocked by Rasmus Dahlin.
6:20 of 1st period - Shot by Garnet Hathaway.
6:20 of 1st period - Stopped by Ilya Sorokin without a rebound.
6:21 of 1st period - Tim Stutzle wins face-off versus Warren Foegele in BOISE CARIBOUS zone.
8:02 of 1st period - Icing by Nicolas Meloche.
8:03 of 1st period - Jean-Gabriel Pageau wins face-off versus Rem Pitlick in SEATTLE GRUNGE zone.
8:04 of 1st period - Shot by Danton Heinen.
8:04 of 1st period - Deflect By Jean-Gabriel Pageau.
8:04 of 1st period - Goal by Jean-Gabriel Pageau - BOISE CARIBOUS : 2 - SEATTLE GRUNGE : 0.
8:05 of 1st period - Jean-Gabriel Pageau wins face-off versus Riley Sheahan in neutral zone.
8:22 of 1st period - Icing by Moritz Seider.
8:23 of 1st period - Tyler Seguin wins face-off versus Lawson Crouse in BOISE CARIBOUS zone.
8:47 of 1st period - Shot by Lawson Crouse.
8:47 of 1st period - Shot Misses the Net.
9:08 of 1st period - Icing by Roman Josi.
9:09 of 1st period - Tyler Seguin wins face-off versus Tim Stutzle in SEATTLE GRUNGE zone.
9:22 of 1st period - Shot by Tim Stutzle.
9:22 of 1st period - Shot Blocked by Roman Josi.
9:46 of 1st period - Shot by Andre Burakovsky.
9:46 of 1st period - Stopped by Semyon Varlamov without a rebound.
9:47 of 1st period - Charlie Coyle wins face-off versus Garnet Hathaway in SEATTLE GRUNGE zone.
10:00 of 1st period - Shot by Rasmus Andersson.
10:00 of 1st period - Shot Misses the Net.
10:05 of 1st period - Off-side.
10:06 of 1st period - Riley Sheahan wins face-off versus Jean-Gabriel Pageau in neutral zone.
10:51 of 1st period - Icing by Moritz Seider.
10:52 of 1st period - Jean-Gabriel Pageau wins face-off versus Rem Pitlick in BOISE CARIBOUS zone.
10:59 of 1st period - Rem Pitlick is hit by Lawson Crouse and loses puck.
11:20 of 1st period - Shot by Rem Pitlick.
11:20 of 1st period - Deflect By Garnet Hathaway.
11:20 of 1st period - Shot Misses the Net.
11:22 of 1st period - Shot by Garnet Hathaway.
11:22 of 1st period - Stopped by Ilya Sorokin without a rebound.
11:23 of 1st period - Tyler Seguin wins face-off versus Tim Stutzle in BOISE CARIBOUS zone.
12:26 of 1st period - Carl Hagelin is hit by Dylan DeMelo and loses puck.
12:36 of 1st period - Morgan Geekie is hit by Dylan DeMelo and loses puck.
12:54 of 1st period - Icing by David Savard.
12:55 of 1st period - Charlie Coyle wins face-off versus Riley Sheahan in SEATTLE GRUNGE zone.
13:54 of 1st period - Shot by Jesperi Kotkaniemi.
13:54 of 1st period - Shot Misses the Net.
16:56 of 1st period - Shot by Andre Burakovsky.
16:56 of 1st period - Stopped by Semyon Varlamov without a rebound.
16:57 of 1st period - Jean-Gabriel Pageau wins face-off versus Milan Lucic in SEATTLE GRUNGE zone.
17:00 of 1st period - Shot by Lawson Crouse.
17:00 of 1st period - Stopped by Semyon Varlamov without a rebound.
17:01 of 1st period - Tim Stutzle wins face-off versus Warren Foegele in SEATTLE GRUNGE zone.
17:24 of 1st period - Icing by Warren Foegele.
17:25 of 1st period - Charlie Coyle wins face-off versus Warren Foegele in SEATTLE GRUNGE zone.
17:35 of 1st period - Charlie Coyle is hit by David Savard.
17:41 of 1st period - Shot by Nick Schmaltz.
17:41 of 1st period - Stopped by Semyon Varlamov with a rebound.
17:43 of 1st period - Shot by Dylan DeMelo.
17:43 of 1st period - Stopped by Semyon Varlamov without a rebound.
17:44 of 1st period - Tyler Seguin wins face-off versus Tim Stutzle in SEATTLE GRUNGE zone.
18:13 of 1st period - Nicolas Meloche is hit by Tim Stutzle and loses puck.
18:47 of 1st period - Icing by Rasmus Andersson.
18:48 of 1st period - Riley Sheahan wins face-off versus Andre Burakovsky in BOISE CARIBOUS zone.
19:23 of 1st period - Shot by Carl Hagelin.
19:23 of 1st period - Stopped by Ilya Sorokin without a rebound.
19:24 of 1st period - Jean-Gabriel Pageau wins face-off versus Rem Pitlick in BOISE CARIBOUS zone.
19:53 of 1st period - Minor Penalty to Garnet Hathaway for Cross-checking.
19:54 of 1st period - Tyler Seguin wins face-off versus Charlie Coyle in SEATTLE GRUNGE zone.
Goals for this period are 2 for BOISE CARIBOUS vs 0 for SEATTLE GRUNGE.
Shots for this period are 10 for BOISE CARIBOUS vs 4 for SEATTLE GRUNGE.

2nd period


0:01 of 2nd period - Tyler Seguin wins face-off versus Charlie Coyle in neutral zone.
0:09 of 2nd period - Icing by Nick Schmaltz.
0:10 of 2nd period - Charlie Coyle wins face-off versus Kyle Palmieri in BOISE CARIBOUS zone.
0:19 of 2nd period - Shot by Moritz Seider.
0:19 of 2nd period - Stopped by Semyon Varlamov without a rebound.
0:20 of 2nd period - Tyler Seguin wins face-off versus Charlie Coyle in SEATTLE GRUNGE zone.
1:23 of 2nd period - Shot by Lawson Crouse.
1:23 of 2nd period - Shot Misses the Net.
1:25 of 2nd period - Shot by Oliver Kylington.
1:25 of 2nd period - Stopped by Semyon Varlamov without a rebound.
1:26 of 2nd period - Tim Stutzle wins face-off versus Tyler Seguin in SEATTLE GRUNGE zone.
1:27 of 2nd period - Shot by Lawson Crouse.
1:27 of 2nd period - Stopped by Semyon Varlamov without a rebound.
1:28 of 2nd period - Kyle Palmieri wins face-off versus Tim Stutzle in SEATTLE GRUNGE zone.
1:56 of 2nd period - Shot by Lawson Crouse.
1:56 of 2nd period - Deflect By Nick Schmaltz.
1:56 of 2nd period - Shot Misses the Net.
1:58 of 2nd period - Shot by Charlie Coyle.
1:58 of 2nd period - Deflect By Nick Schmaltz.
1:58 of 2nd period - Shot Misses the Net.
2:00 of 2nd period - Shot by Artturi Lehkonen.
2:00 of 2nd period - Shot Misses the Net.
2:02 of 2nd period - Shot by Charlie Coyle.
2:02 of 2nd period - Stopped by Semyon Varlamov without a rebound.
2:03 of 2nd period - Jean-Gabriel Pageau wins face-off versus Garnet Hathaway in SEATTLE GRUNGE zone.
2:27 of 2nd period - Rasmus Andersson is hit by Garnet Hathaway and loses puck.
2:53 of 2nd period - Icing by David Savard.
2:54 of 2nd period - Charlie Coyle wins face-off versus Rem Pitlick in SEATTLE GRUNGE zone.
2:54 of 2nd period - Charlie Coyle is hit by David Savard.
4:19 of 2nd period - Andre Burakovsky is hit by Travis Sanheim and loses puck.
4:33 of 2nd period - Icing by Oliver Kylington.
4:34 of 2nd period - Tim Stutzle wins face-off versus Riley Sheahan in BOISE CARIBOUS zone.
4:34 of 2nd period - Tim Stutzle is hit by Morgan Geekie.
4:51 of 2nd period - Icing by Dylan DeMelo.
4:52 of 2nd period - Tim Stutzle wins face-off versus Warren Foegele in BOISE CARIBOUS zone.
7:31 of 2nd period - Shot by Tim Stutzle.
7:31 of 2nd period - Deflect By Andre Burakovsky.
7:31 of 2nd period - Stopped by Semyon Varlamov without a rebound.
7:32 of 2nd period - Jean-Gabriel Pageau wins face-off versus Riley Sheahan in SEATTLE GRUNGE zone.
7:49 of 2nd period - Rasmus Andersson is hit by Morgan Geekie and loses puck.
7:50 of 2nd period - Rasmus Andersson from BOISE CARIBOUS is injured at 7:50 of 2nd period (Back Surgery).
7:51 of 2nd period - Tyler Seguin wins face-off versus Tim Stutzle in BOISE CARIBOUS zone.
8:01 of 2nd period - Icing by Andre Burakovsky.
8:02 of 2nd period - Tim Stutzle wins face-off versus Riley Sheahan in BOISE CARIBOUS zone.
8:09 of 2nd period - Shot by Andre Burakovsky.
8:09 of 2nd period - Stopped by Semyon Varlamov without a rebound.
8:10 of 2nd period - Tyler Seguin wins face-off versus Jean-Gabriel Pageau in SEATTLE GRUNGE zone.
8:10 of 2nd period - Roman Josi is hit by Lawson Crouse.
8:47 of 2nd period - Shot by Lawson Crouse.
8:47 of 2nd period - Shot Misses the Net.
8:58 of 2nd period - Tomas Tatar is hit by Rasmus Dahlin and loses puck.
9:21 of 2nd period - Icing by Travis Sanheim.
9:22 of 2nd period - Tyler Seguin wins face-off versus Tim Stutzle in SEATTLE GRUNGE zone.
9:44 of 2nd period - Icing by Danny DeKeyser.
9:45 of 2nd period - Rem Pitlick wins face-off versus Artturi Lehkonen in SEATTLE GRUNGE zone.
9:45 of 2nd period - Rem Pitlick is hit by Artturi Lehkonen.
9:58 of 2nd period - Shot by Charlie Coyle.
9:58 of 2nd period - Stopped by Semyon Varlamov without a rebound.
9:59 of 2nd period - Tim Stutzle wins face-off versus Riley Sheahan in SEATTLE GRUNGE zone.
10:08 of 2nd period - Shot by Andre Burakovsky.
10:08 of 2nd period - Stopped by Semyon Varlamov with a rebound.
10:10 of 2nd period - Shot by Andre Burakovsky.
10:10 of 2nd period - Shot Blocked by David Savard.
10:20 of 2nd period - Shot by Andre Burakovsky.
10:20 of 2nd period - Stopped by Semyon Varlamov with a rebound.
10:22 of 2nd period - Shot by Zach Parise.
10:22 of 2nd period - Stopped by Semyon Varlamov without a rebound.
10:23 of 2nd period - Charlie Coyle wins face-off versus Garnet Hathaway in SEATTLE GRUNGE zone.
10:24 of 2nd period - Shot by Rasmus Dahlin.
10:24 of 2nd period - Shot Misses the Net.
10:42 of 2nd period - Artturi Lehkonen is hit by Garnet Hathaway and loses puck.
10:47 of 2nd period - Shot by Garnet Hathaway.
10:47 of 2nd period - Stopped by Ilya Sorokin without a rebound.
10:48 of 2nd period - Riley Sheahan wins face-off versus Tim Stutzle in BOISE CARIBOUS zone.
10:57 of 2nd period - Shot by Andre Burakovsky.
10:57 of 2nd period - Stopped by Semyon Varlamov without a rebound.
10:58 of 2nd period - Jesperi Kotkaniemi wins face-off versus Kyle Palmieri in SEATTLE GRUNGE zone.
11:31 of 2nd period - Shot by Tyler Seguin.
11:31 of 2nd period - Shot Misses the Net.
11:33 of 2nd period - Shot by Travis Sanheim.
11:33 of 2nd period - Deflect By Tyler Seguin.
11:33 of 2nd period - Shot Blocked by Oliver Kylington.
11:35 of 2nd period - Shot by Roman Josi.
11:35 of 2nd period - Stopped by Ilya Sorokin without a rebound.
11:36 of 2nd period - Tim Stutzle wins face-off versus Rem Pitlick in BOISE CARIBOUS zone.
11:55 of 2nd period - Shot by Tim Stutzle.
11:55 of 2nd period - Deflect By Andre Burakovsky.
11:55 of 2nd period - Shot Blocked by Nikita Zaitsev.
12:12 of 2nd period - Shot by Tim Stutzle.
12:12 of 2nd period - Stopped by Semyon Varlamov with a rebound.
12:14 of 2nd period - Shot by Tim Stutzle.
12:14 of 2nd period - Shot Blocked by David Savard.
12:16 of 2nd period - Shot by Moritz Seider.
12:16 of 2nd period - Shot Misses the Net.
12:52 of 2nd period - Off-side.
12:53 of 2nd period - Jean-Gabriel Pageau wins face-off versus Tyler Seguin in neutral zone.
12:56 of 2nd period - Shot by Danton Heinen.
12:56 of 2nd period - Shot Blocked by Travis Sanheim.
13:14 of 2nd period - Shot by Jean-Gabriel Pageau.
13:14 of 2nd period - Stopped by Semyon Varlamov without a rebound.
13:15 of 2nd period - Charlie Coyle wins face-off versus Riley Sheahan in SEATTLE GRUNGE zone.
13:15 of 2nd period - Charlie Coyle is hit by Nicolas Meloche.
13:31 of 2nd period - Shot by Morgan Geekie.
13:31 of 2nd period - Stopped by Ilya Sorokin without a rebound.
13:32 of 2nd period - Tim Stutzle wins face-off versus Tyler Seguin in BOISE CARIBOUS zone.
13:43 of 2nd period - Shot by Tim Stutzle.
13:43 of 2nd period - Stopped by Semyon Varlamov with a rebound.
13:49 of 2nd period - Shot by Zach Parise.
13:49 of 2nd period - Stopped by Semyon Varlamov without a rebound.
13:50 of 2nd period - Riley Sheahan wins face-off versus Charlie Coyle in SEATTLE GRUNGE zone.
14:08 of 2nd period - Shot by Charlie Coyle.
14:08 of 2nd period - Shot Misses the Net.
14:10 of 2nd period - Shot by Rasmus Dahlin.
14:10 of 2nd period - Goal by Rasmus Dahlin - BOISE CARIBOUS : 3 - SEATTLE GRUNGE : 0.
14:11 of 2nd period - Tyler Seguin wins face-off versus Tim Stutzle in neutral zone.
15:06 of 2nd period - Kyle Palmieri is hit by Andre Burakovsky and loses puck.
15:33 of 2nd period - Shot by Artturi Lehkonen.
15:33 of 2nd period - Stopped by Semyon Varlamov without a rebound.
15:34 of 2nd period - Riley Sheahan wins face-off versus Jean-Gabriel Pageau in SEATTLE GRUNGE zone.
15:52 of 2nd period - Shot by Lawson Crouse.
15:52 of 2nd period - Shot Blocked by Nikita Zaitsev.
15:54 of 2nd period - Shot by Jean-Gabriel Pageau.
15:54 of 2nd period - Stopped by Semyon Varlamov without a rebound.
15:55 of 2nd period - Charlie Coyle wins face-off versus Rem Pitlick in SEATTLE GRUNGE zone.
15:58 of 2nd period - Shot by Nick Schmaltz.
15:58 of 2nd period - Stopped by Semyon Varlamov without a rebound.
15:59 of 2nd period - Rem Pitlick wins face-off versus Charlie Coyle in SEATTLE GRUNGE zone.
16:14 of 2nd period - Shot by Jakub Vrana.
16:14 of 2nd period - Shot Blocked by Nick Schmaltz.
16:38 of 2nd period - Artturi Lehkonen is hit by Nicolas Meloche.
16:41 of 2nd period - Nick Schmaltz is hit by Nicolas Meloche and loses puck.
16:52 of 2nd period - Danny DeKeyser is hit by Andre Burakovsky and loses puck.
17:01 of 2nd period - Shot by Andre Burakovsky.
17:01 of 2nd period - Shot Misses the Net.
17:21 of 2nd period - Shot by Roman Josi.
17:21 of 2nd period - Shot Blocked by Zach Parise.
17:26 of 2nd period - Icing by Dmitry Kulikov.
17:27 of 2nd period - Tyler Seguin wins face-off versus Tim Stutzle in BOISE CARIBOUS zone.
18:30 of 2nd period - Riley Sheahan is hit by Dylan DeMelo and loses puck.
18:55 of 2nd period - Off-side.
18:56 of 2nd period - Warren Foegele wins face-off versus Charlie Coyle in neutral zone.
19:07 of 2nd period - Icing by Moritz Seider.
19:08 of 2nd period - Rem Pitlick wins face-off versus Charlie Coyle in BOISE CARIBOUS zone.
19:25 of 2nd period - Shot by Artturi Lehkonen.
19:25 of 2nd period - Stopped by Semyon Varlamov without a rebound.
19:26 of 2nd period - Tim Stutzle wins face-off versus Riley Sheahan in SEATTLE GRUNGE zone.
19:54 of 2nd period - Icing by Oliver Kylington.
19:55 of 2nd period - Tyler Seguin wins face-off versus Tim Stutzle in BOISE CARIBOUS zone.
Goals for this period are 1 for BOISE CARIBOUS vs 0 for SEATTLE GRUNGE.
Shots for this period are 20 for BOISE CARIBOUS vs 3 for SEATTLE GRUNGE.

3rd period


0:01 of 3rd period - Tyler Seguin wins face-off versus Charlie Coyle in neutral zone.
0:17 of 3rd period - Tomas Tatar is hit by Dylan DeMelo and loses puck.
1:10 of 3rd period - Shot by Jakub Vrana.
1:10 of 3rd period - Shot Misses the Net.
1:18 of 3rd period - Shot by Jakub Vrana.
1:18 of 3rd period - Shot Misses the Net.
1:30 of 3rd period - Shot by Rem Pitlick.
1:30 of 3rd period - Shot Misses the Net.
1:38 of 3rd period - Shot by Rem Pitlick.
1:38 of 3rd period - Shot Misses the Net.
1:40 of 3rd period - Shot by Nikita Zaitsev.
1:40 of 3rd period - Shot Misses the Net.
1:42 of 3rd period - Shot by David Savard.
1:42 of 3rd period - Shot Misses the Net.
2:06 of 3rd period - Shot by Morgan Geekie.
2:06 of 3rd period - Stopped by Ilya Sorokin without a rebound.
2:07 of 3rd period - Warren Foegele wins face-off versus Danton Heinen in BOISE CARIBOUS zone.
2:08 of 3rd period - Shot by Roman Josi.
2:08 of 3rd period - Stopped by Ilya Sorokin without a rebound.
2:09 of 3rd period - Jean-Gabriel Pageau wins face-off versus Warren Foegele in BOISE CARIBOUS zone.
2:20 of 3rd period - Shot by Lawson Crouse.
2:20 of 3rd period - Shot Misses the Net.
2:22 of 3rd period - Shot by Jean-Gabriel Pageau.
2:22 of 3rd period - Shot Blocked by Nicolas Meloche.
2:24 of 3rd period - Shot by Danton Heinen.
2:24 of 3rd period - Shot Misses the Net.
2:55 of 3rd period - Icing by Nicolas Meloche.
2:56 of 3rd period - Charlie Coyle wins face-off versus Warren Foegele in SEATTLE GRUNGE zone.
2:59 of 3rd period - Shot by Artturi Lehkonen.
2:59 of 3rd period - Shot Misses the Net.
3:01 of 3rd period - Shot by Nick Schmaltz.
3:01 of 3rd period - Stopped by Semyon Varlamov without a rebound.
3:02 of 3rd period - Charlie Coyle wins face-off versus Riley Sheahan in SEATTLE GRUNGE zone.
3:07 of 3rd period - Shot by Artturi Lehkonen.
3:07 of 3rd period - Shot Misses the Net.
3:09 of 3rd period - Shot by Artturi Lehkonen.
3:09 of 3rd period - Shot Blocked by Carl Hagelin.
3:32 of 3rd period - Shot by Nick Schmaltz.
3:32 of 3rd period - Shot Misses the Net.
3:34 of 3rd period - Shot by Moritz Seider.
3:34 of 3rd period - Shot Misses the Net.
3:43 of 3rd period - Off-side.
3:44 of 3rd period - Andre Burakovsky wins face-off versus Kyle Palmieri in neutral zone.
3:51 of 3rd period - Shot by Zach Parise.
3:51 of 3rd period - Shot Blocked by Nikita Zaitsev.
3:53 of 3rd period - Shot by Zach Parise.
3:53 of 3rd period - Stopped by Semyon Varlamov without a rebound.
3:54 of 3rd period - Jesperi Kotkaniemi wins face-off versus Rem Pitlick in SEATTLE GRUNGE zone.
3:55 of 3rd period - Shot by Stefan Noesen.
3:55 of 3rd period - Stopped by Semyon Varlamov without a rebound.
3:56 of 3rd period - Garnet Hathaway wins face-off versus Andre Burakovsky in SEATTLE GRUNGE zone.
4:07 of 3rd period - Minor Penalty to Garnet Hathaway for Tripping.
4:08 of 3rd period - Charlie Coyle wins face-off versus Tyler Seguin in SEATTLE GRUNGE zone.
4:11 of 3rd period - Shot by Nick Schmaltz.
4:11 of 3rd period - Deflect By Andre Burakovsky.
4:11 of 3rd period - Shot Misses the Net.
4:13 of 3rd period - Shot by Andre Burakovsky.
4:13 of 3rd period - Shot Misses the Net.
4:23 of 3rd period - Shot by Nick Schmaltz.
4:23 of 3rd period - Shot Blocked by Roman Josi.
4:45 of 3rd period - Shot by Andre Burakovsky.
4:45 of 3rd period - Shot Misses the Net.
4:47 of 3rd period - Shot by Moritz Seider.
4:47 of 3rd period - Shot Blocked by David Savard.
5:01 of 3rd period - Roman Josi is hit by Andre Burakovsky and loses puck.
5:15 of 3rd period - Icing by Oliver Kylington.
5:16 of 3rd period - Tyler Seguin wins face-off versus Tim Stutzle in BOISE CARIBOUS zone.
5:19 of 3rd period - Shot by Kyle Palmieri.
5:19 of 3rd period - Shot Misses the Net.
5:57 of 3rd period - Shot by Lawson Crouse.
5:57 of 3rd period - Stopped by Semyon Varlamov without a rebound.
5:58 of 3rd period - Charlie Coyle wins face-off versus Tyler Seguin in SEATTLE GRUNGE zone.
6:05 of 3rd period - Shot by Charlie Coyle.
6:05 of 3rd period - Stopped by Semyon Varlamov without a rebound.
6:06 of 3rd period - Tyler Seguin wins face-off versus Charlie Coyle in SEATTLE GRUNGE zone.
6:13 of 3rd period - Shot by Morgan Geekie.
6:13 of 3rd period - Shot Blocked by Danton Heinen.
6:15 of 3rd period - Shot by Riley Sheahan.
6:15 of 3rd period - Stopped by Ilya Sorokin with a rebound.
6:31 of 3rd period - Off-side.
6:32 of 3rd period - Charlie Coyle wins face-off versus Tyler Seguin in neutral zone.
7:08 of 3rd period - Shot by Charlie Coyle.
7:08 of 3rd period - Shot Misses the Net.
7:53 of 3rd period - Shot by Zach Parise.
7:53 of 3rd period - Stopped by Semyon Varlamov without a rebound.
7:54 of 3rd period - Jesperi Kotkaniemi wins face-off versus Riley Sheahan in SEATTLE GRUNGE zone.
8:57 of 3rd period - Shot by Jean-Gabriel Pageau.
8:57 of 3rd period - Shot Misses the Net.
9:16 of 3rd period - Shot by Lawson Crouse.
9:16 of 3rd period - Shot Misses the Net.
9:40 of 3rd period - Shot by Andre Burakovsky.
9:40 of 3rd period - Shot Misses the Net.
10:02 of 3rd period - Shot by Tim Stutzle.
10:02 of 3rd period - Deflect By Andre Burakovsky.
10:02 of 3rd period - Shot Misses the Net.
10:35 of 3rd period - Icing by Moritz Seider.
10:36 of 3rd period - Charlie Coyle wins face-off versus Warren Foegele in BOISE CARIBOUS zone.
10:50 of 3rd period - Shot by Nick Schmaltz.
10:50 of 3rd period - Stopped by Semyon Varlamov with a rebound.
10:52 of 3rd period - Shot by Artturi Lehkonen.
10:52 of 3rd period - Shot Misses the Net.
10:54 of 3rd period - Shot by Artturi Lehkonen.
10:54 of 3rd period - Shot Misses the Net.
10:56 of 3rd period - Shot by Artturi Lehkonen.
10:56 of 3rd period - Stopped by Semyon Varlamov without a rebound.
10:57 of 3rd period - Tyler Seguin wins face-off versus Jean-Gabriel Pageau in SEATTLE GRUNGE zone.
11:04 of 3rd period - Shot by Kyle Palmieri.
11:04 of 3rd period - Goal by Kyle Palmieri - BOISE CARIBOUS : 3 - SEATTLE GRUNGE : 1.
11:05 of 3rd period - Charlie Coyle wins face-off versus Tyler Seguin in neutral zone.
11:30 of 3rd period - Shot by Artturi Lehkonen.
11:30 of 3rd period - Shot Misses the Net.
12:00 of 3rd period - Icing by Artturi Lehkonen.
12:01 of 3rd period - Charlie Coyle wins face-off versus Riley Sheahan in BOISE CARIBOUS zone.
12:26 of 3rd period - Shot by Morgan Geekie.
12:26 of 3rd period - Shot Blocked by Oliver Kylington.
12:28 of 3rd period - Shot by Riley Sheahan.
12:28 of 3rd period - Shot Misses the Net.
12:32 of 3rd period - Shot by Riley Sheahan.
12:32 of 3rd period - Stopped by Ilya Sorokin without a rebound.
12:33 of 3rd period - Tim Stutzle wins face-off versus Rem Pitlick in BOISE CARIBOUS zone.
12:37 of 3rd period - Off-side.
12:38 of 3rd period - Rem Pitlick wins face-off versus Tim Stutzle in neutral zone.
13:05 of 3rd period - Icing by Dylan DeMelo.
13:06 of 3rd period - Tyler Seguin wins face-off versus Tim Stutzle in BOISE CARIBOUS zone.
13:18 of 3rd period - Minor Penalty to Tomas Tatar for Roughing.
13:19 of 3rd period - Charlie Coyle wins face-off versus Tyler Seguin in SEATTLE GRUNGE zone.
15:31 of 3rd period - Off-side.
15:32 of 3rd period - Jesperi Kotkaniemi wins face-off versus Rem Pitlick in neutral zone.
15:59 of 3rd period - Shot by Stefan Noesen.
15:59 of 3rd period - Stopped by Semyon Varlamov without a rebound.
16:00 of 3rd period - Jean-Gabriel Pageau wins face-off versus Riley Sheahan in SEATTLE GRUNGE zone.
16:07 of 3rd period - Shot by Lawson Crouse.
16:07 of 3rd period - Deflect By Jean-Gabriel Pageau.
16:07 of 3rd period - Shot Blocked by Nicolas Meloche.
16:09 of 3rd period - Shot by Lawson Crouse.
16:09 of 3rd period - Stopped by Semyon Varlamov without a rebound.
16:10 of 3rd period - Charlie Coyle wins face-off versus Warren Foegele in SEATTLE GRUNGE zone.
16:20 of 3rd period - Charlie Coyle is hit by Travis Sanheim.
16:28 of 3rd period - Shot by Charlie Coyle.
16:28 of 3rd period - Shot Misses the Net.
16:38 of 3rd period - Milan Lucic is hit by Rasmus Dahlin and loses puck.
16:49 of 3rd period - Shot by Milan Lucic.
16:49 of 3rd period - Stopped by Ilya Sorokin without a rebound.
16:50 of 3rd period - Tim Stutzle wins face-off versus Kyle Palmieri in BOISE CARIBOUS zone.
16:50 of 3rd period - Tim Stutzle is hit by Tyler Seguin.
16:55 of 3rd period - Andre Burakovsky is hit by Kyle Palmieri and loses puck.
18:56 of 3rd period - Icing by Rasmus Dahlin.
18:57 of 3rd period - Charlie Coyle wins face-off versus Riley Sheahan in BOISE CARIBOUS zone.
19:04 of 3rd period - Shot by Artturi Lehkonen.
19:04 of 3rd period - Shot Blocked by Nicolas Meloche.
19:09 of 3rd period - Icing by Carl Hagelin.
19:10 of 3rd period - Jesperi Kotkaniemi wins face-off versus Riley Sheahan in SEATTLE GRUNGE zone.
19:38 of 3rd period - Icing by Carl Hagelin.
19:39 of 3rd period - Riley Sheahan wins face-off versus Tim Stutzle in SEATTLE GRUNGE zone.
19:52 of 3rd period - Shot by Riley Sheahan.
19:52 of 3rd period - Stopped by Ilya Sorokin with a rebound.
Goals for this period are 0 for BOISE CARIBOUS vs 1 for SEATTLE GRUNGE.
Shots for this period are 10 for BOISE CARIBOUS vs 7 for SEATTLE GRUNGE.


AUSTON
MATTHEWS
JOEL
ERIKSSON
MATHEW
BARZAL

EAST COAST

HOCKEY LEAGUE

  • 21.PIT7MAN3
  • 22.ATL3NHW4
  • 23.WOR5PET4
  • 24.3RHI4
  • 25.QUECHI
  • 26.CHALIM
  • 27.TRVLON
  • 28.CHWBAL